 Dungeon Crawl Stone Soup version 0.21.1-1-g345015fe64 (webtiles) character file.

74 Greboboi the Chopper (level 4, -10/40 HPs)
             Began as a Hill Orc Fighter on June 14, 2018.
             Was an Initiate of Trog.
             Mangled by Crazy Yiuf
             ... wielding a +2 quarterstaff of chaos
              (14 damage)
             ... on level 2 of the Dungeon.
             The game lasted 00:04:29 (1622 turns).

Greboboi the Chopper (Hill Orc Fighter)             Turns: 1622, Time: 00:04:30

Health: -10/40     AC:  9    Str: 19    XL:     4   Next: 30%
Magic:  4/4        EV:  7    Int:  8    God:    Trog [......]
Gold:   65         SH:  9    Dex: 10    Spells: 3/3 levels left

rFire    . . .     SeeInvis .   a - +0 war axe
rCold    . . .     Gourm    .   c - +0 shield
rNeg     . . .     Faith    +   b - +1 scale mail
rPois    .         Spirit   .   p - +0 helmet
rElec    .         Reflect  .   (no cloak)
rCorr    .         Harm     .   (no gloves)
MR       .....                  (no boots)
Stlth    ..........             l - amulet of faith
HPRegen  0.13/turn              (no ring)
MPRegen  0.09/turn              (no ring)

@: lethally poisoned (-10 -> -31), drained
A: no striking features
a: Burn Spellbooks, Renounce Religion


You were on level 2 of the Dungeon.
You worshipped Trog.
Trog was noncommittal.
You were not hungry.

You visited 1 branch of the dungeon, and saw 2 of its levels.

You collected 65 gold pieces.

Inventory:

Hand Weapons
 a - a +0 war axe (weapon)
Armour
 b - a +1 scale mail (worn)
 c - a +0 shield (worn)
 p - a +0 helmet (worn)
Jewellery
 l - an amulet of faith (around neck)
Scrolls
 g - a scroll of teleportation {unknown}
 h - a scroll of blinking
 k - a scroll of random uselessness {unknown}
 m - a scroll of magic mapping {unknown}
 n - a scroll of remove curse {unknown}
 o - a scroll of identify {unknown}
Potions
 d - 2 potions of might
 e - 3 potions of agility {unknown}
 i - a potion of brilliance {unknown}
 j - a potion of resistance {unknown}
Comestibles
 f - 2 rations


   Skills:
 + Level 3.9(3.6) Fighting
 * Level 4.4(4.1) Axes
 + Level 3.8(3.5) Armour
 * Level 4.0(3.7) Shields


You had 3 spell levels left.
You didn't know any spells.

Dungeon Overview and Level Annotations

Branches:
Dungeon (2/15)

Altars:
Okawaru
Trog

Annotations:
D:2 Crazy Yiuf


Message History

You feel sick. Crazy Yiuf barely misses you.
You hit Crazy Yiuf but do no damage.
Crazy Yiuf is severely wounded.
You feel sick. Crazy Yiuf hits you but does no damage.
You closely miss Crazy Yiuf.
Crazy Yiuf is severely wounded.
You feel sick. You block Crazy Yiuf's attack.
You hit Crazy Yiuf but do no damage.
Crazy Yiuf is severely wounded.
You feel sick.
Crazy Yiuf hits you with a quarterstaff of chaos!
You are lethally poisoned!
Crazy Yiuf hits you with a quarterstaff of chaos.
* * * LOW HITPOINT WARNING * * *
You completely miss Crazy Yiuf.
Crazy Yiuf is severely wounded.
* * * LOW HITPOINT WARNING * * *
You feel very sick. Crazy Yiuf hits you but does no damage.
You are electrocuted!
You die...

#..........#..........
#######.#....#########
######.# #..# #####
#### ##### #)..# ###
#...# #...# ##### #..
#.### #.g.# #...# #.#
#.# #@# ###.# #.# #.#
♣.♣♣ ###.######.# #.#
♣♣.♣ #........... #.#
♣.♣♣ #.#.####.#.#
#.### ♣♣.♣ ###.# #.#.#
#...# ♣♣.♣♣ #.#.#
#.#.. #...# ♣♣...♣
#...# #.### #.###
♣....♣ ##### #.# #
#.#.# #....# #####


You could see Crazy Yiuf.

Vanquished Creatures
  An adder (D:2)
  An ooze (D:2)
  A worm (D:2)
  A dart slug (D:1)
  3 leopard geckos
  2 giant cockroaches (D:2)
  7 goblins
  8 hobgoblins
  4 jackals (D:1)
  7 kobolds
  A ball python (D:1)
  4 bats
  4 frilled lizards
  8 rats
52 creatures vanquished.

Notes
Turn   | Place    | Note
-------+----------+-------------------------------------------
     0 | D:1      | Greboboi the Hill Orc Fighter began the quest for the Orb.
     0 | D:1      | Reached XP level 1. HP: 19/19 MP: 1/1
    84 | D:1      | Reached XP level 2. HP: 22/27 MP: 2/2
   182 | D:1      | Reached XP level 3. HP: 18/33 MP: 3/3
   857 | D:2      | Reached XP level 4. HP: 40/40 MP: 4/4
  1304 | D:2      | Found a runed door.
  1380 | D:2      | Found a bloodstained altar of Trog.
  1380 | D:2      | Found an iron altar of Okawaru.
  1392 | D:2      | Became a worshipper of Trog the Wrathful
  1610 | D:2      | Noticed Crazy Yiuf
  1622 | D:2      | Mangled by Crazy Yiuf

Skill      XL: |  1  2  3 |
---------------+----------+-----
Axes           | 3 4 |  4.4
Shields        | 4 |  4.0
Fighting       | |  3.9
Armour         | |  3.8

Action                   |  1- 3 |  4- 6 || total
-------------------------+-------+-------++-------
Melee: War axe           |   131 |    26 ||   157
  Use: Scroll            |     2 |       ||     2
  Eat: Ration            |       |     1 ||     1
Armor: Scale mail        |    77 |     8 ||    85
Dodge: Dodged            |    44 |     5 ||    49
Block: Shield            |    87 |    12 ||    99
